cohdb
Replays
Latest Replays
All Replays
Popular Replays
Top Player Replays
Match Explorer
How It Works
Community
CoH3 Stats
Reddit
Sign in to upload your games and track your stats! →
Sign in with Steam
Match 40591502
Unlisted
Match 40591502
Overview
Messages
Build Orders
End
Construct Section Command Post
Selects Canadian Shock Battlegroup
Dingo Light Scout Car
Infantry Section
Infantry Section
Infantry Section
Selects Attacking Spirit
Infantry Section
Construct Platoon Command Post
Selects Canadian Shock Section
Selects Incendiary Munitions
Humber Armored Car
Infantry Section
Construct Field Infirmary
6-pounder Anti-tank Gun Team
Vickers Machine Gun Team
Infantry Training
Royal Engineer Section
Selects Pyrotechnics
6-pounder Anti-tank Gun Team
Grenade Package
6-pounder Anti-tank Gun Team
Construct Company Command Post
Selects Churchill Crocodile Heavy Tank
Churchill Crocodile Heavy Tank
6-pounder Anti-tank Gun Team
Selects Smoke Operation
Smoke Operation
Royal Engineer Section
Basecoh3 @ Youtube
苏ꦿ一ꦿ涵ꦿ⚘
sharpshooter
Europeos Gordo Y Tonto
0
0
Comments
sign in to comment!
No comments posted yet!